[Event "Czech Youth U16 Girls 2024"]
[Site "Kouty nad Desnou"]
[Date "2024.03.16"]
[Round "9.1"]
[White "Lackova, Ludmila"]
[Black "Dobsa, Emma"]
[Result "1/2-1/2"]
[ECO "D17"]
[WhiteElo "1652"]
[BlackElo "1750"]
[Annotator "NA RC"]
[PlyCount "93"]
[EventDate "2024.03.10"]
[EventType "swiss"]
[EventCountry "CZE"]
[SourceTitle "playchess.com"]
[Source "ChessBase"]
[SourceQuality "1"]
[TimeControl "40/5400+30:1800+30"]

1. d4 d5 2. c4 c6 3. Nf3 Nf6 4. Nc3 dxc4 5. a4 Bf5 6. Ne5 Nbd7 7. Nxc4 Qc7 8. g3 e5 9. dxe5 Nxe5 10. Bf4 Nfd7 11. Bg2 g5 12. Bxe5 Nxe5 13. Nxe5 Qxe5 14. Qb3 Qc7 15. O-O Be6 16. Qc2 Bg7 17. Rfd1 O-O 18. Rd2 Rac8 19. Ne4 h6 20. Nc5 Bd5 21. e4 b6 22. Na6 Qb7 23. exd5 Qxa6 24. dxc6 Qa5 25. Rd5 Qb4 26. Rb5 Qe7 27. Rd1 Rc7 28. Rbd5 Rfc8 29. R5d2 Bf6 30. h3 Kg7 31. Re2 Qb4 32. Red2 Qe7 33. Qe4 Qc5 34. Qc2 Qe7 35. Kf1 Qe8 36. Qe4 Qf8 37. Qf5 Rxc6 38. Bxc6 Rxc6 39. Rc2 Re6 40. Rcd2 Qa8 41. Kg1 Qc6 42. Qc2 Qf3 43. Rd3 Qf5 44. Kg2 Qe4+ 45. Kg1 Qf5 46. Kg2 Qe4+ 47. Kg1 1/2-1/2

[Event "Czech Youth U16 Girls 2024"]
[Site "Kouty nad Desnou"]
[Date "2024.03.16"]
[Round "9.2"]
[White "Zadrapova, Amalie"]
[Black "Kavanova, Anezka"]
[Result "1-0"]
[ECO "B78"]
[WhiteElo "1857"]
[BlackElo "1661"]
[Annotator "NA RC"]
[PlyCount "57"]
[EventDate "2024.03.10"]
[EventType "swiss"]
[EventCountry "CZE"]
[SourceTitle "playchess.com"]
[Source "ChessBase"]
[SourceQuality "1"]
[TimeControl "40/5400+30:1800+30"]

1. e4 c5 2. Nf3 d6 3. d4 cxd4 4. Nxd4 Nf6 5. Nc3 g6 6. Be3 Bg7 7. f3 O-O 8. Qd2 Nc6 9. Bc4 Bd7 10. O-O-O Rb8 11. Bb3 Na5 12. Kb1 b5 13. Qe2 Nc4 14. Bxc4 bxc4 15. Qxc4 Qb6 16. b3 Rfc8 17. Qd3 Qa5 18. Bd2 Qc5 19. Nde2 d5 20. e5 Bf5 21. Qd4 Qa3 22. Bc1 Qa5 23. g4 Rc4 24. Qd2 Nxg4 25. fxg4 Bxg4 26. Nxd5 Qc5 27. Bb2 Rxc2 28. Qxc2 Bf5 29. Rd3 1-0

[Event "Czech Youth U16 Girls 2024"]
[Site "Kouty nad Desnou"]
[Date "2024.03.16"]
[Round "9.3"]
[White "Dorazilova, Kristyna"]
[Black "Cinkova, Vicky"]
[Result "1-0"]
[ECO "B12"]
[WhiteElo "1722"]
[BlackElo "1682"]
[Annotator "NA RC"]
[PlyCount "84"]
[EventDate "2024.03.10"]
[EventType "swiss"]
[EventCountry "CZE"]
[SourceTitle "playchess.com"]
[Source "ChessBase"]
[SourceQuality "1"]
[TimeControl "40/5400+30:1800+30"]

1. e4 c6 2. d4 d5 3. e5 Bf5 4. Nf3 e6 5. Be2 Ne7 6. Nbd2 Nd7 7. c3 c5 8. Nf1 Qb6 9. Bd3 Bxd3 10. Qxd3 Nc6 11. Ne3 cxd4 12. cxd4 Bb4+ 13. Bd2 Rc8 14. O-O Bxd2 15. Qxd2 Qb4 16. Rfd1 Qxd2 17. Rxd2 Ke7 18. Kf1 Rc7 19. Rc1 Rhc8 20. Rdc2 Kd8 21. Ke2 h6 22. Kd2 Nb6 23. b3 Nb4 24. Rxc7 Rxc7 25. Rxc7 Kxc7 26. a4 Nc8 27. Ne1 b5 28. axb5 Kb6 29. Nd3 Kxb5 30. Nc5 Nc6 31. Kc3 Kb6 32. f4 N8e7 33. Na4+ Kc7 34. g4 f6 35. Nc5 Nd8 36. f5 fxe5 37. dxe5 exf5 38. Nxf5 Nec6 39. e6 Kb6 40. e7 Nxe7 41. Na4+ Kc7 42. Nxe7 Kd6 1-0

[Event "Czech Youth U16 Girls 2024"]
[Site "Kouty nad Desnou"]
[Date "2024.03.16"]
[Round "9.4"]
[White "Brezikova, Beata"]
[Black "Sikorova, Jana"]
[Result "1-0"]
[ECO "B23"]
[WhiteElo "1804"]
[BlackElo "1788"]
[Annotator "NA RC"]
[PlyCount "73"]
[EventDate "2024.03.10"]
[EventType "swiss"]
[EventCountry "CZE"]
[SourceTitle "playchess.com"]
[Source "ChessBase"]
[SourceQuality "1"]
[TimeControl "40/5400+30:1800+30"]

1. e4 c5 2. Nc3 a6 3. Nge2 e6 4. g3 b5 5. Bg2 Bb7 6. O-O d6 7. d3 Nf6 8. f4 Qc7 9. h3 h5 10. Be3 Nbd7 11. Bf3 g6 12. Qd2 d5 13. exd5 Nxd5 14. Nxd5 Bxd5 15. Bxd5 exd5 16. d4 c4 17. f5 Bg7 18. Bf4 Qd8 19. fxg6 fxg6 20. Bg5 Nf6 21. Qe3+ Kf7 22. Rf4 Re8 23. Qf3 b4 24. Rf1 Re6 25. g4 hxg4 26. Rxg4 Rc8 27. Nf4 Re4 28. Nxd5 Rxg4+ 29. hxg4 Rc6 30. Nxf6 Qxd4+ 31. Kg2 Bxf6 32. Be3 Qd7 33. g5 Re6 34. Qh3 Qd5+ 35. Kg1 Kg8 36. gxf6 Qe5 37. f7+ 1-0

[Event "Czech Youth U16 Girls 2024"]
[Site "Kouty nad Desnou"]
[Date "2024.03.16"]
[Round "9.5"]
[White "Dudkova, Josefina"]
[Black "Dominikova, Denisa"]
[Result "1-0"]
[ECO "D02"]
[WhiteElo "1796"]
[BlackElo "1716"]
[Annotator "NA RC"]
[PlyCount "63"]
[EventDate "2024.03.10"]
[EventType "swiss"]
[EventCountry "CZE"]
[SourceTitle "playchess.com"]
[Source "ChessBase"]
[SourceQuality "1"]
[TimeControl "40/5400+30:1800+30"]

1. d4 d5 2. Bf4 Nf6 3. Nf3 c5 4. e3 Nc6 5. c3 Qb6 6. Qc1 Bf5 7. dxc5 Qxc5 8. Nbd2 e6 9. Nb3 Qb6 10. Nbd4 Nh5 11. Nxf5 exf5 12. Bd3 Nxf4 13. exf4 Bc5 14. O-O O-O 15. Bxf5 d4 16. c4 Rad8 17. a3 d3 18. b4 Nd4 19. bxc5 Nxf3+ 20. gxf3 Qxc5 21. Be4 Rd6 22. f5 Qe5 23. Qg5 Rh6 24. Qg3 Qd4 25. Rfd1 d2 26. Ra2 Qf6 27. Raxd2 Rh5 28. Rd6 Qh4 29. Qxh4 Rxh4 30. Rd7 Rh6 31. Rxb7 a6 32. c5 1-0

[Event "Czech Youth U16 Girls 2024"]
[Site "Kouty nad Desnou"]
[Date "2024.03.16"]
[Round "9.6"]
[White "Kaplanova, Dominika"]
[Black "Hetfleischova, Elen"]
[Result "1-0"]
[ECO "E06"]
[WhiteElo "1837"]
[BlackElo "1699"]
[Annotator "NA RC"]
[PlyCount "87"]
[EventDate "2024.03.10"]
[EventType "swiss"]
[EventCountry "CZE"]
[SourceTitle "playchess.com"]
[Source "ChessBase"]
[SourceQuality "1"]
[TimeControl "40/5400+30:1800+30"]

1. d4 Nf6 2. c4 e6 3. g3 d5 4. Nf3 Be7 5. Bg2 O-O 6. O-O c6 7. c5 b6 8. b4 a5 9. Ba3 axb4 10. Bxb4 bxc5 11. Bxc5 Bxc5 12. dxc5 Nbd7 13. Qc2 Ra5 14. Nd4 Rxc5 15. Qb2 e5 16. Nf3 Rb5 17. Qc3 Qb6 18. Nxe5 Nxe5 19. Qxe5 Re8 20. Qd6 Re6 21. Qf4 Rb4 22. Qf3 Ba6 23. Re1 Bxe2 24. Rxe2 Rxb1+ 25. Rxb1 Qxb1+ 26. Bf1 Rxe2 27. Qxe2 Qe4 28. Qa6 Qe6 29. Bh3 Qe1+ 30. Bf1 Qe8 31. a4 Kf8 32. Qb6 Qa8 33. a5 Ke8 34. a6 Nd7 35. Qc7 g6 36. a7 h5 37. Ba6 d4 38. Bc8 d3 39. Qxd7+ Kf8 40. Ba6 d2 41. Be2 c5 42. Qd6+ Kg7 43. Qxc5 Qe8 44. Qc3+ 1-0

[Event "Czech Youth U16 Girls 2024"]
[Site "Kouty nad Desnou"]
[Date "2024.03.16"]
[Round "9.7"]
[White "Stavova, Marketa"]
[Black "Vacekova, Anita"]
[Result "0-1"]
[ECO "C77"]
[WhiteElo "1641"]
[BlackElo "1783"]
[Annotator "NA RC"]
[PlyCount "116"]
[EventDate "2024.03.10"]
[EventType "swiss"]
[EventCountry "CZE"]
[SourceTitle "playchess.com"]
[Source "ChessBase"]
[SourceQuality "1"]
[TimeControl "40/5400+30:1800+30"]

1. e4 e5 2. Nf3 Nc6 3. Bb5 a6 4. Ba4 Nf6 5. d3 b5 6. Bb3 d6 7. O-O Be7 8. c3 Bg4 9. h3 Bh5 10. Re1 h6 11. Nbd2 g5 12. g4 Bg6 13. Nh2 h5 14. Kg2 Qd7 15. f3 O-O-O 16. a4 b4 17. Bc4 Nb8 18. Qb3 d5 19. exd5 Nxd5 20. Ne4 hxg4 21. hxg4 f6 22. Bd2 Qc6 23. cxb4 Nf4+ 24. Bxf4 gxf4 25. b5 axb5 26. Bxb5 Qb6 27. a5 Qd4 28. Re2 Bxe4 29. dxe4 Rh7 30. a6 Bc5 31. Qe6+ Nd7 32. Qc6 Rdh8 33. Qa8+ Nb8 34. Qb7+ Kd8 35. Qxb8+ Ke7 36. Qxc7+ Kf8 37. Qc8+ Kg7 38. Qxh8+ Rxh8 39. Rc1 Rb8 40. Ba4 Rxb2 41. Bc2 Ra2 42. Rce1 Ra1 43. Rxa1 Qxa1 44. Kh3 Qh1 45. Rg2 Bg1 46. Bd1 Bxh2 47. Rxh2 Qxd1 48. Kg2 Qe2+ 49. Kg1 Qe1+ 50. Kg2 Qg3+ 51. Kh1 Qxf3+ 52. Kg1 Qd1+ 53. Kf2 Qc2+ 54. Kg1 Qb1+ 55. Kg2 Qa2+ 56. Kg1 Qxa6 57. Rf2 Kg6 58. Kh2 Kg5 0-1

[Event "Czech Youth U16 Girls 2024"]
[Site "Kouty nad Desnou"]
[Date "2024.03.16"]
[Round "9.8"]
[White "Mikesova, Lenka"]
[Black "Holatova, Irena"]
[Result "1-0"]
[ECO "C55"]
[WhiteElo "1665"]
[BlackElo "1608"]
[Annotator "NA RC"]
[PlyCount "115"]
[EventDate "2024.03.10"]
[EventType "swiss"]
[EventCountry "CZE"]
[SourceTitle "playchess.com"]
[Source "ChessBase"]
[SourceQuality "1"]
[TimeControl "40/5400+30:1800+30"]

1. e4 e5 2. Nf3 Nc6 3. Bc4 Nf6 4. d3 Be7 5. O-O O-O 6. Nc3 d6 7. a4 Be6 8. Be3 Bxc4 9. dxc4 Qd7 10. Qe2 h6 11. Rfd1 a6 12. c5 Qe6 13. cxd6 Bxd6 14. h3 Rad8 15. Nh4 Nd7 16. Nf5 Ne7 17. Qg4 Qg6 18. Qxg6 Nxg6 19. Nxd6 cxd6 20. Rxd6 Nb8 21. Rad1 Nc6 22. Rxd8 Rxd8 23. Rxd8+ Nxd8 24. Nd5 Nc6 25. b4 Kf8 26. Kf1 Ke8 27. g3 Nge7 28. Nxe7 Kxe7 29. Ke2 Ke6 30. c3 h5 31. Kd3 g6 32. Kc4 Kd6 33. b5 axb5+ 34. axb5 Nd8 35. Bc5+ Kd7 36. h4 Ne6 37. Ba7 g5 38. hxg5 Nxg5 39. Kd5 f6 40. c4 Kc7 41. c5 Nh3 42. Bb6+ Kd7 43. c6+ bxc6+ 44. bxc6+ Ke7 45. Be3 Ng1 46. f4 Ne2 47. fxe5 fxe5 48. Bg5+ Ke8 49. Kd6 Nxg3 50. c7 Nxe4+ 51. Kc6 Nxg5 52. c8=Q+ Ke7 53. Qf5 Nf7 54. Qxh5 Kf6 55. Kd5 Kg7 56. Ke6 Nd8+ 57. Kxe5 Nf7+ 58. Ke4 1-0

[Event "Czech Youth U16 Girls 2024"]
[Site "Kouty nad Desnou"]
[Date "2024.03.16"]
[Round "9.9"]
[White "Zelenkova, Sofie"]
[Black "Souralova, Jana"]
[Result "1-0"]
[ECO "A06"]
[WhiteElo "1636"]
[BlackElo "1597"]
[Annotator "NA RC"]
[PlyCount "111"]
[EventDate "2024.03.10"]
[EventType "swiss"]
[EventCountry "CZE"]
[SourceTitle "playchess.com"]
[Source "ChessBase"]
[SourceQuality "1"]
[TimeControl "40/5400+30:1800+30"]

1. Nf3 d5 2. g3 Nf6 3. Bg2 e6 4. d4 c5 5. O-O Be7 6. e3 O-O 7. c4 Nc6 8. b3 b6 9. Bb2 Ba6 10. Nbd2 Rc8 11. Re1 Re8 12. Rc1 Nb4 13. Qe2 Qc7 14. a3 Nc6 15. Qd1 Red8 16. cxd5 exd5 17. dxc5 bxc5 18. Bxf6 Bxf6 19. Rxc5 Qb6 20. b4 Be7 21. Rc1 Bd3 22. Qb3 Bf5 23. Red1 Be6 24. Qb2 Bf6 25. Qb1 Ne7 26. Rxc8 Rxc8 27. Rc1 Rxc1+ 28. Qxc1 Nf5 29. Nb3 h6 30. Bf1 Kf8 31. Qc5+ Be7 32. Qxb6 axb6 33. Nbd4 Bd7 34. Nxf5 Bxf5 35. Nd4 Bd7 36. Bg2 Be6 37. Nb5 Bf6 38. Nc7 d4 39. exd4 Bxd4 40. Nxe6+ fxe6 41. Kf1 Ke7 42. Ke2 e5 43. Be4 Kd6 44. f3 Bb2 45. a4 Bc3 46. b5 Kc5 47. Kd3 Kb4 48. Bc6 Bd4 49. Ke4 g6 50. f4 Kc5 51. fxe5 Bg1 52. h3 Bh2 53. g4 g5 54. Kf5 Bf4 55. Kf6 Be3 56. Kf7 1-0

[Event "Czech Youth U16 Girls 2024"]
[Site "Kouty nad Desnou"]
[Date "2024.03.16"]
[Round "9.11"]
[White "Janouskova, Adela"]
[Black "Urvalkova, Ema"]
[Result "1-0"]
[ECO "B12"]
[WhiteElo "1684"]
[BlackElo "1496"]
[Annotator "NA RC"]
[PlyCount "65"]
[EventDate "2024.03.10"]
[EventType "swiss"]
[EventCountry "CZE"]
[SourceTitle "playchess.com"]
[Source "ChessBase"]
[SourceQuality "1"]
[TimeControl "40/5400+30:1800+30"]

1. e4 c6 2. d4 d5 3. e5 Bf5 4. h4 h5 5. Bd3 Bxd3 6. Qxd3 e6 7. Bg5 Be7 8. Nf3 Nd7 9. Nbd2 Nb6 10. O-O Qc7 11. c4 dxc4 12. Nxc4 Nd5 13. Bxe7 Ngxe7 14. Nd6+ Kf8 15. Ng5 Nf4 16. Qf3 Ned5 17. g3 Ng6 18. Nxe6+ Kg8 19. Nxc7 Nxc7 20. Qxf7+ Kh7 21. Qxc7 Rab8 22. Nf5 Rhg8 23. Ne7 Nxe7 24. Qxe7 Rge8 25. Qg5 g6 26. f4 Rg8 27. f5 Rg7 28. fxg6+ Kg8 29. Rf7 Re8 30. Rxg7+ Kxg7 31. Rf1 Kg8 32. Qh6 c5 33. Qh7# 1-0